 Dungeon Crawl Stone Soup version 0.30-a0-778-g2ef04afb54 (webtiles) character file.

Game seed: 13167315405427430213

45 hikkokomori the Conjurer (level 3, 0/39 HPs)
             Began as a Draconian Conjurer on Feb 16, 2023.
             Succumbed to an adder's poison
             ... on level 2 of the Dungeon.
             The game lasted 00:03:02 (1127 turns).

hikkokomori the Conjurer (Draconian Conjurer)       Turns: 1127, Time: 00:03:03

Health: 0/39       AC:  5    Str:  9    XL:     3   Next: 42%
Magic:  7/7        EV: 12    Int: 24    God:
Gold:   44         SH:  0    Dex: 11    Spells: 4/7 levels left

rFire   . . .      SeeInvis .    k - +1 short sword (holy)
rCold   . . .      Faith    .    (no shield)
rNeg    . . .      Spirit   .    (body armour unavailable)
rPois   .          Reflect  .    (helmet restricted)
rElec   .          Harm     .    (no cloak)
rCorr   .          Rampage  .    (no gloves)
Will    .....                    (no boots) Stlth
                                 (no amulet)
HPRegen 0.26/turn                f - +6 ring of intelligence
MPRegen 0.10/turn                (no ring)

@: berserking, lethally poisoned (0 -> -1), very quick
A: AC +5, unfitting armour, cold-blooded
a: no special abilities


You were on level 2 of the Dungeon.
You visited 1 branch of the dungeon, and saw 2 of its levels.

You collected 44 gold pieces.

Inventory:

Hand Weapons
 k - a +1 short sword of holy wrath (weapon)
Magical Staves
 d - a staff of death
Jewellery
 f - a +6 ring of intelligence (left hand)
Scrolls
 b - a scroll of teleportation {unknown}
 e - a scroll of immolation {unknown}
 g - a scroll of summoning {unknown}
 h - a scroll of poison {unknown}
 i - a scroll of silence {unknown}
 j - a scroll of noise {unknown}
Potions
 a - 2 potions of magic
 c - a potion of berserk rage


   Skills:
 - Level 1.7 Dodging
 - Level 1.7 Stealth
 + Level 2.9 Spellcasting
 + Level 4.6 Conjurations


You had 4 spell levels left.
You knew the following spells:

 Your Spells              Type           Power      Damage    Failure   Level
a - Magic Dart            Conj           100%       1d8       1%          1
b - Blink                 Tloc           6%         N/A       17%         2

Your spell library contained the following spells:

 Spells                   Type           Power      Damage    Failure   Level
 Searing Ray              Conj           50%        2d6       2%          2
 Momentum Strike          Conj/Tloc      28%        3d8       6%          2
 Necrotise                Necr           12%        1d4       11%         1
 Dazzling Flash           Conj/Hex       28%        N/A       13%         3
 Lesser Beckoning         Tloc           6%         N/A       17%         2
 Vampiric Draining        Necr           3%         2d6       32%         3
 Fulminant Prism          Conj/Hex       7%         3d7       38%         4
 Iskenderun's Mystic Bla  Conj/Tloc      14%        2d5       38%         4
 Agony                    Necr           3%         N/A       97%         5


Dungeon Overview and Level Annotations

Branches:
Dungeon (2/15)

Altars:


Innate Abilities, Weirdness & Mutations

Your plain brown scales are hard. (AC +5)
You cannot fit into any form of body armour.
You are cold-blooded and may be slowed by cold attacks.


Message History

You are poisoned.
The adder poisons you! The adder bites you but does no damage.
The goblin barely misses you. The endoplasm freezes you.
You are frozen.
You feel yourself slow down.
You miss the adder.
You feel very sick. The adder bites you.
You are more poisoned.
The adder poisons you! The endoplasm barely misses you.
The goblin hits you but does no damage.
You barely miss the adder.
You feel very sick. The adder barely misses you. The endoplasm hits you.
The goblin barely misses you. The adder closely misses you.
The endoplasm closely misses you. The goblin hits you but does no damage.
You are too injured to fight recklessly!
You are too injured to fight recklessly!
You are too injured to fight recklessly!
You are too injured to fight recklessly!
You are too injured to fight recklessly!
You are too injured to fight recklessly!
The goblin attacks as you move away! The goblin barely misses you.
You feel sick. The adder bites you.
You feel yourself speed up.
You feel sick.
The adder bites you but does no damage. x2
The goblin hits you with a +0 club.
* * * LOW HITPOINT WARNING * * *
The endoplasm freezes you.
You are frozen.
* * * LOW HITPOINT WARNING * * *
* * * LOW HITPOINT WARNING * * *
You feel sick. The adder bites you but does no damage.
It was a potion of berserk rage.
A red film seems to cover your vision as you go berserk!
You feel yourself moving faster!
You feel mighty!
* * * LOW HITPOINT WARNING * * *
You feel sick. The adder misses you. The goblin closely misses you.
You closely miss the adder.
You die...

## #............<.......
##.. #....................
#...##....................
.........................#
...............##........#
...............##.........
.........#....###.........
.........#......#..##.....
.......Jg@......#††.......
........S#..........##<...
........w#................
........##...#......##...#
.......†.#.#....###.# ..
...........>..### .# #
.........#..#.# .#
............#.# .#
...........##


You could see an adder, a dart slug, an endoplasm and a goblin.

Vanquished Creatures
  A dart slug (D:1)
  3 endoplasms (D:1)
  5 giant cockroaches
  4 goblins (D:1)
  6 hobgoblins (D:1)
  A quokka (D:2)
  7 ball pythons
  3 bats
  2 frilled lizards (D:1)
  3 kobolds (D:1)
  4 rats
39 creatures vanquished.

Notes
Turn   | Place    | Note
-------+----------+-------------------------------------------
     0 | D:1      | hikkokomori the Draconian Conjurer began the quest for the
                  | Orb.
     0 | D:1      | Reached XP level 1. HP: 14/14 MP: 3/3
   118 | D:1      | Reached XP level 2. HP: 20/20 MP: 1/5
   595 | D:1      | Reached XP level 3. HP: 19/26 MP: 1/7
   974 | D:1      | Learned a level 2 spell: Blink
  1124 | D:2      | HP: 1/26 [frozen (3)]
  1127 | D:2      | Succumbed to an adder's poison

Illustrated notes

Levels and vault maps discovered:
D:1:      onia_arrival_pentagram, layout_rooms
D:2:      layout_rooms, basic_altar, corner_web_ring, minmay_cupped,
          uniq_terence, uniq_natasha

Action                     || total
---------------------------++-------
  Melee: Unarmed           ||    18
         Tailslap          ||     9
         Staff             ||    24
         Short sword       ||    32
   Cast: Magic Dart        ||    54
    Use: Potion            ||     1
 Armour: Skin              ||    33
  Dodge: Dodged            ||    71

Table legend: (Time is in decaauts)
 A = Elapsed time spent in this place.
 B = Non-inter-level travel time spent in this place.
 C = Inter-level travel time spent in this place.
 D = Time resting spent in this place.
 E = Time spent auto-exploring this place.
 F = Levels seen in this place.
 G = Mean time per level.
                   A        B        C        D        E       F      G
               +--------+--------+--------+--------+--------+-----+--------+
         Total |   1132 |   1106 |     26 |      0 |    892 |   2 |  566.0 |
       Dungeon |   1132 |   1106 |     26 |      0 |    892 |   2 |  566.0 |
               +--------+--------+--------+--------+--------+-----+--------+

Top non-repeatable levels by time:
     D:1: 1009 daAuts
     D:2: 122 daAuts
